 Dungeon Crawl Stone Soup version 0.30-b1-2-g02819fbbbe (webtiles) character file.

Game seed: 7144477438769416447

8549 LLlMATKO the Fighter (level 11, -4/101 HPs)
             Began as a Minotaur Berserker on June 14, 2023.
             Was a High Priest of Trog.
             Killed from afar by an electric eel (5 damage)
             ... with a bolt of electricity
             ... on level 10 of the Dungeon.
             The game lasted 00:08:47 (9276 turns).

LLlMATKO the Fighter (Minotaur Berserker)           Turns: 9276, Time: 00:08:48

Health: -4/101     AC: 24    Str: 23    XL:     11   Next: 11%
Magic:  10/10      EV:  8    Int:  4    God:    Trog [*****.]
Gold:   454        SH: 14    Dex: 13    Spells: 10/10 levels left

rFire   . . .        N - +2 war axe (heavy)
rCold   . . .        M - +1 tower shield {AC+3}
rNeg    . . .        G - +0 plate armour
rPois   .            (helmet restricted)
rElec   .            C - +2 cloak
rCorr   .            i - +0 pair of gloves
SInv    .            p - +0 pair of boots
Will    .....        (no amulet) Stlth
                     (no ring)
HPRegen 0.36/turn    (no ring)
MPRegen 0.12/turn

%: no passive effects
@: on berserk cooldown, slowed, very slow
A: horns 2, retaliatory headbutt
a: Renounce Religion, Berserk, Trog's Hand, Brothers in Arms


You were on level 10 of the Dungeon.
You worshipped Trog.
Trog was extremely pleased with you.
You visited 1 branch of the dungeon, and saw 10 of its levels.
You also visited: Sewer.

You collected 685 gold pieces.
You spent 231 gold pieces at shops.

Inventory:

Hand Weapons
 I - a +0 broad axe
 N - a +2 heavy war axe (weapon)
Missiles
 a - 7 boomerangs
 s - 3 silver boomerangs (quivered)
 t - 3 throwing nets
 v - 16 poisoned darts
 F - a curare-tipped dart
Armour
 i - a +0 pair of gloves (worn)
 p - a +0 pair of boots (worn)
 C - a +2 cloak (worn)
 G - a +0 plate armour (worn)
 M - a +1 tower shield of protection (worn)
Jewellery
 x - an amulet of magic regeneration
Wands
 y - a wand of flame (31)
 z - a wand of light (16)
 D - a wand of mindburst (45)
 J - a wand of paralysis (6)
 K - a wand of polymorph (3)
 L - a wand of roots (6)
Scrolls
 c - 3 scrolls of magic mapping
 f - 4 scrolls of identify
 h - 4 scrolls of teleportation
 k - 3 scrolls of blinking
 n - 3 scrolls of fear
 q - 3 scrolls of vulnerability
 r - a scroll of butterflies {unknown}
 w - a scroll of enchant weapon {unknown}
 A - 4 scrolls of silence {unknown}
 B - 2 scrolls of noise {unknown}
 H - a scroll of torment {unknown}
 O - a scroll of fog
 P - a scroll of brand weapon {unknown}
Potions
 b - 2 potions of haste {unknown}
 d - 8 potions of heal wounds
 e - 3 potions of curing {unknown}
 g - 2 potions of lignification {unknown}
 j - 2 potions of might {unknown}
 l - 2 potions of attraction {unknown}
 m - 2 potions of brilliance {unknown}
 o - 3 potions of mutation {unknown}
 u - 3 potions of flight {unknown}
 E - a potion of cancellation {unknown}


   Skills:
 + Level 10.7 Fighting
 + Level 10.6 Axes
 + Level 10.4 Armour
 + Level 9.5 Dodging
 + Level 5.0 Shields


You had 10 spell levels left.
You didn't know any spells.
Your spell library was empty.

Dungeon Overview and Level Annotations

Branches:
Dungeon (10/15)            Temple (0/1) D:4             Orc (0/2) D:9
  Sewer (visited)
   Lair: D:8-11

Altars:
Ashenzari
Cheibriados
Elyvilon
Kikubaaqudgha
Nemelex Xobeh
Qazlal
Ru
Sif Muna
Wu Jian
Zin

Shops:
D:7 *   D:8 ([


Innate Abilities, Weirdness & Mutations

You have a pair of horns on your head.
You reflexively headbutt those who attack you in melee.


Message History

The bolt of electricity hits you! The bolt of electricity hits you.
Your unstable footing causes you to fumble your attack.
You are no longer berserk.
You are exhausted.
You feel yourself slow down.
The electric eel shoots out a bolt of lightning at you!
The bolt of electricity hits you but does no damage. x2
You miss the electric eel.
The electric eel shoots out a bolt of lightning at you!
The bolt of electricity hits you! The bolt of electricity hits you.
The electric eel shoots out a bolt of lightning at you!
The bolt of electricity hits you! The bolt of electricity misses you.
You are too injured to fight recklessly!
You slash the electric eel!
The electric eel is severely wounded.
The electric eel shoots out a bolt of lightning at you!
The bolt of electricity hits you. The bolt of electricity hits you!
You closely miss the electric eel. Your headbutt misses the electric eel.
The electric eel is severely wounded.
The electric eel shoots out a bolt of lightning at you!
The bolt of electricity hits you. The bolt of electricity hits you!
* * * LOW HITPOINT WARNING * * *
The electric eel shoots out a bolt of lightning at you!
The bolt of electricity hits you!
* * * LOW HITPOINT WARNING * * *
The bolt of electricity misses you.
Your unstable footing causes you to fumble your attack.
The electric eel shoots out a bolt of lightning at you!
The bolt of electricity hits you!
* * * LOW HITPOINT WARNING * * *
The bolt of electricity hits you.
* * * LOW HITPOINT WARNING * * *
Unknown command.
You closely miss the electric eel.
The electric eel is severely wounded.
The electric eel shoots out a bolt of lightning at you!
The bolt of electricity hits you.
* * * LOW HITPOINT WARNING * * *
The bolt of electricity hits you.
You die...

## #.# #.....#
...#..###.....##
...#~...........
...~≈≈~........
..~~≈≈~......
#.~≈≈≈~....#
≈.~≈≈≈S~~~.##
~[~≈≈≈~@~~.~#
~.~≈≈~.....~#
~.~≈≈~.~~...##
#.≈≈~~.~~.#..#########
#.~≈≈~.≈≈.##)........#
#.#≈≈~.~#.##.........#
# ##≈~.##.##.........#
##~. #.###.###~≈≈##
##. ..# #..#≈≈≈≈≈#


You could see an electric eel.

Vanquished Creatures
  Harold (D:10)
  A two-headed ogre (D:10)
  Maggie (D:7)
  Joseph (D:7)
  A gargoyle (D:10)
  A troll (D:10)
  12 yaks
  A wyvern (D:9)
  2 steam dragons
  2 acid dragons (D:10)
  Duvessa (D:7)
  2 black bears
  8 orc warriors
  A sky beast (D:7)
  3 ogres
  4 centaurs
  3 phantoms
  2 kobold brigands (D:6)
  5 bullfrogs
  A scorpion (D:4)
  Dowan (D:7)
  3 killer bees (D:9)
  2 vampire bats (D:8)
  2 electric eels (D:10)
  4 jellies
  2 sleepcaps (D:5)
  6 orc priests
  A gnoll bouda (D:8)
  3 hounds
  Crazy Yiuf (D:5)
  Jessica (D:2)
  3 iguanas (D:4)
  9 orc wizards
  7 gnolls
  13 adders
  A white imp (D:6)
  2 ufetubi
  3 worms
  3 dart slugs
  31 orcs
  3 bats (D:1)
  2 bat skeletons (D:8)
  3 bat zombies (D:8)
  20 endoplasms
  15 giant cockroaches
  7 goblins
  6 hobgoblins
  6 jackals (D:5)
  18 kobolds
  18 quokkas
  21 ball pythons
  12 frilled lizards
  4 rats (D:1)
286 creatures vanquished.

Vanquished Creatures (others)
  An orc (D:9)
1 creature vanquished.

Grand Total: 287 creatures vanquished

Notes
Turn   | Place    | Note
-------+----------+-------------------------------------------
     0 | D:1      | LLlMATKO the Minotaur Berserker began the quest for the
                  | Orb.
     0 | D:1      | Reached XP level 1. HP: 19/19 MP: 0/0
    96 | D:1      | Reached XP level 2. HP: 27/27 MP: 1/1
   676 | D:1      | Reached XP level 3. HP: 24/33 MP: 2/2
   898 | D:2      | Reached ** piety under Trog
   953 | D:2      | Reached XP level 4. HP: 37/41 MP: 3/3
  1412 | D:2      | Noticed Jessica
  1415 | D:2      | Killed Jessica
  1623 | D:2      | Reached XP level 5. HP: 47/47 MP: 4/4
  1960 | D:3      | Found a sparkling altar of Nemelex Xobeh.
  2164 | D:4      | Found a staircase to the Ecumenical Temple.
  2287 | D:4      | Found a glowing drain.
  2304 | Sewer    | Entered a sewer
  2475 | Sewer    | Reached *** piety under Trog
  2500 | Sewer    | Reached skill level 5 in Fighting
  2526 | Sewer    | Reached skill level 5 in Axes
  2644 | Sewer    | Reached XP level 6. HP: 36/56 MP: 5/5
  2935 | D:4      | Reached **** piety under Trog
  2986 | D:4      | Reached skill level 5 in Armour
  3025 | D:4      | Reached XP level 7. HP: 54/62 MP: 6/6
  3389 | D:5      | Entered Level 5 of the Dungeon
  3405 | D:5      | Reached skill level 5 in Dodging
  3539 | D:5      | Found a runed translucent door.
  3540 | D:5      | Noticed Crazy Yiuf
  3743 | D:5      | Reached XP level 8. HP: 70/71 MP: 7/7
  3922 | D:5      | Found a white marble altar of Elyvilon.
  4240 | D:5      | Killed Crazy Yiuf
  4469 | D:6      | Found a glowing silver altar of Zin.
  4595 | D:6      | Reached ***** piety under Trog
  4633 | D:6      | Found a sacrificial altar of Ru.
  4958 | D:7      | Noticed Joseph
  5077 | D:7      | Reached XP level 9. HP: 81/81 MP: 8/8
  5152 | D:7      | Killed Joseph
  5411 | D:7      | Found Toeqysa's Tempting Trifles.
  5521 | D:7      | Noticed Duvessa
  5521 | D:7      | Noticed Dowan
  5534 | D:7      | Killed Duvessa
  5538 | D:7      | Killed Dowan
  5579 | D:7      | Noticed Maggie
  5607 | D:7      | Killed Maggie
  6113 | D:8      | Found Koczodgh's Antique Weapon Shop.
  6230 | D:8      | Found a shimmering blue altar of Sif Muna.
  6234 | D:8      | Found a stormy altar of Qazlal.
  6264 | D:8      | Found a snail-covered altar of Cheibriados.
  6268 | D:8      | Found Cheibriados's Comfort Zone.
  6384 | D:8      | Found a broken altar of Ashenzari.
  6705 | D:8      | Found an ancient bone altar of Kikubaaqudgha.
  7335 | D:7      | Bought a +1 tower shield of protection for 231 gold pieces
  7494 | D:9      | Reached XP level 10. HP: 91/91 MP: 9/9
  7519 | D:9      | Received a gift from Trog
  7520 | D:9      | Reached skill level 1 in Shields
  7600 | D:9      | Found a staircase to the Orcish Mines.
  8072 | D:9      | Reached skill level 10 in Fighting
  8262 | D:9      | Found an ornate altar of the Wu Jian Council.
  8427 | D:10     | Entered Level 10 of the Dungeon
  8437 | D:10     | Reached skill level 10 in Axes
  8446 | D:10     | Noticed a gargoyle
  8618 | D:10     | Reached skill level 10 in Armour
  8722 | D:10     | Noticed Harold
  8740 | D:10     | Killed Harold
  8947 | D:10     | Noticed a two-headed ogre
  8954 | D:10     | Killed a two-headed ogre
  8955 | D:10     | Reached XP level 11. HP: 72/101 MP: 10/10
  9268 | D:10     | Reached skill level 5 in Shields
  9275 | D:10     | HP: 3/101 [electric eel/bolt of electricity (12)]
  9276 | D:10     | HP: 1/101 [electric eel/bolt of electricity (2)]
  9276 | D:10     | Killed from afar by an electric eel

Illustrated notes

Levels and vault maps discovered:
D:1:      dpeg_arrival_short_road, layout_basic
D:2:      layout_basic, minmay_snake_closets, uniq_jessica
D:3:      layout_rooms, general_overflow_altar
D:4:      layout_basic, minmay_temple_entry_grid, gup_sewer_entry_pipe
D:5:      layout_basic, elyvilon_altar_3, uniq_crazy_yiuf_cottage
D:6:      layout_basic, mainiacjoe_overflow_alcove_2, lemuel_doored_altar
D:7:      layout_loops_ring, nicolae_alphabet_shops, uniq_joseph, uniq_maggie,
          uniq_duvessa
D:8:      layout_cave_pods, kennysheep_vampire_church,
          mainiacjoe_overflow_cross_hatched, ashenzari_altar_1,
          kennysheep_little_box, serial_shops, nicolae_stop_n_shop_1,
          minmay_shop_chei
D:9:      layout_long_grid, kennysheep_mini, erik_orc_3
D:10:     layout_basic, uniq_harold

Skill      XL: |  1  2  3  4  5  6  7  8  9 10 11 |
---------------+----------------------------------+-----
Axes           | 4 5 6 7 9 10 | 10.6
Fighting       | 4 5 6 7 9 10 | 10.7
Armour         | 3 4 5 6 7 9 10 | 10.4
Dodging        | 3 4 5 6 8 9 |  9.5
Shields        | 4 5 |  5.0

Action                     |  1- 3 |  4- 6 |  7- 9 | 10-12 || total
---------------------------+-------+-------+-------+-------++-------
  Melee: Hand axe          |    55 |   228 |   237 |       ||   520
         Headbutt          |     6 |    34 |    63 |    15 ||   118
         Punch             |       |     2 |     2 |       ||     4
         Broad axe         |       |       |    68 |    36 ||   104
         War axe           |       |       |       |    70 ||    70
  Throw: Boomerang         |       |       |     8 |       ||     8
 Invoke: Berserk           |       |     1 |     6 |     5 ||    12
    Use: Scroll            |       |    10 |       |       ||    10
 Armour: Animal skin       |     8 |       |       |       ||     8
         Scale mail        |    11 |    84 |    84 |       ||   179
         Plate armour      |       |       |    86 |    90 ||   176
  Dodge: Dodged            |    31 |   119 |   223 |    53 ||   426
  Block: Tower shield      |       |       |     3 |    97 ||   100
